 Dungeon Crawl Stone Soup version 0.19-a0-1216-g363869b (console) character file.

16 utis the Grasshopper (level 2, -4/15 HPs)
             Began as a Vine Stalker Warper on Aug 23, 2016.
             Slain by a gnoll
             ... wielding a cursed -2 spear
              (5 damage)
             ... on level 1 of the Dungeon.
             The game lasted 00:02:12 (750 turns).

utis the Grasshopper (Vine Stalker Warper)           Turns: 750, Time: 00:02:13

Health: -4/15      AC:  3    Str: 13    XL:     2   Next: 58%
Magic:  0/6        EV: 11    Int: 13    God:
Gold:   10         SH:  0    Dex: 13    Spells: 1 memorised, 4 levels left

rFire  . . .     SeeInvis .     a - +0 short sword
rCold  . . .     Gourm    .     b - +0 leather armour
rNeg   . . .     Faith    .     (no shield)
rPois  .         Spirit   +     (no helmet)
rElec  .         Dismiss  .     (no cloak)
rCorr  .         Reflect  .     (no gloves)
MR     .....     Harm     .     (no boots)
Stlth  +.........               (no amulet)
                                (no ring)
                                (no ring)

@: no status effects
A: fangs 2, magic shield, antimagic bite, no device heal 3, rot immunity
a: no special abilities


You were on level 1 of the Dungeon.
You were not hungry.

You visited 1 branch of the dungeon, and saw 1 of its levels.

You collected 10 gold pieces.

Inventory:

Hand Weapons
 a - a +0 short sword (weapon)
Missiles
 e - 5 tomahawks of dispersal {=f}
 n - a stone (quivered)
Armour
 b - a +0 leather armour (worn)
Jewellery
 k - an uncursed ring of ice {unknown}
Scrolls
 d - a scroll of blinking
 h - a scroll of enchant weapon {unknown}
 i - a scroll of identify {unknown}
 l - a scroll of remove curse {unknown}
 m - a scroll of random uselessness {unknown}
Potions
 g - a potion of curing {unknown}
Books
 c - a book of Spatial Translocations

   Spells                             Type                      Level
   a - Apportation                    Translocation                1
   b - Blink                          Translocation                2
   c - Shroud of Golubria             Charms/Translocation         2
   d - Portal Projectile              Translocation                3
   e - Teleport Other                 Translocation                3
   f - Passage of Golubria            Translocation                4
Comestibles
 f - a bread ration {@e1}
 j - 2 chunks of flesh


   Skills:
 - Level 1.7 Fighting
 + Level 2.8 Short Blades
 - Level 0.8 Throwing
 - Level 0.7 Armour
 - Level 1.5 Dodging
 - Level 2.1 Spellcasting
 - Level 3.0 Translocations


You had 4 spell levels left.
You knew the following spells:

 Your Spells              Type           Power        Failure   Level  Hunger
a - Apportation           Tloc           #.........   12%         1    ##.....


Dungeon Overview and Level Annotations

Branches:
Dungeon (1/15)

Altars:


Innate Abilities, Weirdness & Mutations

You have extremely sharp teeth.
When hurt, damage is shared between your health and your magic reserves.
Your bite disrupts and absorbs the magic of your enemies.
Potions and wands cannot restore your health.
You are immune to rotting.


Message History

The jackal bites you but does no damage.
The jackal barely misses you.
The jackal bites you but does no damage.
You hit the jackal.
You kill the jackal!
The gnoll hits you but does no damage.
You closely miss the jackal. The jackal bites you.
* * * LOW HITPOINT WARNING * * *
You barely miss the jackal. The jackal bites you.
* * * LOW HITPOINT WARNING * * *
The gnoll barely misses you.
You hit the jackal but do no damage. Your bite misses the jackal.
The jackal barely misses you.
The gnoll hits you from afar with a spear.
* * * LOW HITPOINT WARNING * * *
The jackal bites you.
You closely miss the jackal.
The gnoll hits you from afar with a spear!
* * * LOW MAGIC WARNING * * *
You die...

░..............░░░░░░ ░.░
░░.░░░░░.............░ ░..
░......░)░░░░░░.░░░░.░ ░..
░..░░░.░.░ ░.░░░░.░░░░░.. ░..░
░.░.░ ░............. ░..░ ░.░.░
░............░ ░..░░░.░.░░░░
░░░░░░░░░░░.░░ ░..░░.......░
░...... ░░░░░░..░░..░.░░f░
░.░░░.░
........░░..░.░░h░░░░░░░░░░.░░░.░
░░░░░░░.░░..░....g...............
░...................░░░.░.░
░░..............░...░ ░░...
░...░░.░.░░░░..░░..░░░.░g░
░..░░░.░.░ ░..░░░░.░h░░.░ ░..░
░.░.░ ░......░......
░░░░░░░░..░░░.░.░ ░░.░░░.░..░░g.


You could see a gnoll and a jackal.

Vanquished Creatures
  2 giant geckos (D:1)
  A giant cockroach (D:1)
  A goblin (D:1)
  A hobgoblin (D:1)
  2 jackals (D:1)
  2 bats (D:1)
  A giant newt (D:1)
  A kobold (D:1)
  4 rats (D:1)
15 creatures vanquished.

Notes
Turn   | Place    | Note
-------+----------+-------------------------------------------
     0 | D:1      | utis the Vine Stalker Warper began the quest for the Orb.
     0 | D:1      | Reached XP level 1. HP: 11/11 MP: 4/4
   474 | D:1      | Reached XP level 2. HP: 9/15 MP: 6/6
   750 | D:1      | Slain by a gnoll

Vault maps used:
D:1:      nicolae_arrival_somewhat_less_tricky_arrival, st_stairs_1

Skill      XL: |  1 |
---------------+----+-----
Short Blades   | 2 |  2.8
Fighting       | |  1.7
Throwing       | |  0.8
Armour         | |  0.7
Dodging        | |  1.5
Spellcasting   | |  2.1
Translocations | |  3.0

Action                   || total
-------------------------++-------
Melee: Short sword       ||    48
       Bite              ||     8
Throw: Stone             ||     2
Armor: Leather armour    ||    15
Dodge: Dodged            ||    38
